 Dungeon Crawl Stone Soup version 0.20.0-15-g7f486f2 (webtiles) character file.

492 robba the Ruffian (level 6, -13/61 HPs)
             Began as a Troll Berserker on July 1, 2017.
             Was a Priest of Trog.
             Mangled by appiemonkey's ghost (14 damage)
             ... on level 5 of the Dungeon.
             The game lasted 00:13:04 (2870 turns).

robba the Ruffian (Troll Berserker)                 Turns: 2870, Time: 00:13:06

Health: -13/61     AC:  5    Str: 28    XL:     6   Next: 91%
Magic:  5/5        EV: 11    Int:  3    God:    Trog [***...]
Gold:   215        SH:  0    Dex:  9    Spells: 5/5 levels left

rFire    . . .     SeeInvis .   x - +2 giant club
rCold    . . .     Gourm    +   (shield currently unavailable)
rNeg     . . .     Faith    .   a - +0 animal skin
rPois    .         Spirit   .   (helmet restricted)
rElec    .         Reflect  .   (no cloak)
rCorr    .         Harm     .   (gloves unavailable)
MR       .....                  (boots unavailable)
Stlth    +.........             (no amulet)
Regen    0.6/turn               (no ring)
MPRegen  0.1/turn               (no ring)

@: no status effects
A: unfitting armour, claws 3, fast metabolism 3, gourmand, regeneration 1,
shaggy fur 1, tough skin 2
a: Berserk, Trog's Hand, Burn Spellbooks, Renounce Religion


You were on level 5 of the Dungeon.
You worshipped Trog.
Trog was most pleased with you.
You were completely stuffed.

You visited 1 branch of the dungeon, and saw 5 of its levels.

You collected 215 gold pieces.

Inventory:

Hand Weapons
 x - a +2 giant club (weapon)
Missiles
 e - 24 poisoned needles (quivered)
 j - 111 stones
 p - 2 javelins
Armour
 a - a +0 animal skin (worn)
Jewellery
 A - an uncursed ring of resist corrosion {unknown}
Wands
 q - a wand of random effects (32/48)
 y - a wand of lightning (11/15)
 C - a wand of random effects (30/48)
Scrolls
 d - 5 scrolls of teleportation {unknown}
 f - 4 scrolls of remove curse
 g - 3 scrolls of identify
 i - a scroll of enchant armour {unknown}
 n - a scroll of magic mapping {unknown}
 o - a scroll of fog
 s - a scroll of recharging {unknown}
 t - a scroll of blinking {unknown}
 w - a scroll of noise {unknown}
Potions
 c - 3 potions of curing
 h - 3 potions of brilliance {unknown}
 k - 2 potions of might {unknown}
 l - a potion of degeneration {unknown}
 m - a potion of haste {unknown}
 r - a potion of lignification {unknown}
 B - a potion of flight {unknown}
 D - a potion of heal wounds {unknown}
Comestibles
 b - 4 bread rations
 u - 4 fruits
 v - a royal jelly
 z - 3 chunks of flesh


   Skills:
 + Level 3.1 Fighting
 + Level 0.5 Maces & Flails
 + Level 3.7 Dodging
 + Level 0.5 Stealth
 + Level 6.3 Unarmed Combat


You had 5 spell levels left.
You didn't know any spells.

Dungeon Overview and Level Annotations

Branches:
Dungeon (5/15)
 Temple: D:4-7

Altars:
Ru
Xom

Annotations:
D:5 appiemonkey's ghost, novice GrFi


Innate Abilities, Weirdness & Mutations

You are too large for most types of armour.
You have claws for hands.
Your metabolism is lightning-fast.
You like to eat raw meat.
Your natural rate of healing is unusually fast.
You are covered in fur. (AC +1)
You have very tough skin. (AC +2)


Message History

You hit the adder zombie.
You destroy the adder zombie!
Trog accepts your kill. Appiemonkey's ghost hits you!
The leopard gecko bites you but does no damage.
You closely miss the leopard gecko. Appiemonkey's ghost hits you!
The leopard gecko bites you but does no damage.
Appiemonkey's ghost hits you but does no damage.
The leopard gecko bites you.
A quokka comes into view.
You miss the leopard gecko. Appiemonkey's ghost hits you!
* * * LOW HITPOINT WARNING * * *
The leopard gecko barely misses you.
You barely miss the leopard gecko. The leopard gecko barely misses you.
Appiemonkey's ghost hits you!
* * * LOW HITPOINT WARNING * * *
The leopard gecko bites you.
* * * LOW HITPOINT WARNING * * *
Appiemonkey's ghost hits you!
You die...

############
...........###.
##.#.##@W..>...
....%##l#...##.
#...<.......
#.##........ #
........#
##.......#
........#
#.......#
#(......#


You could see appiemonkey's ghost and a leopard gecko.

Vanquished Creatures
  2 ogres (D:4)
  A crimson imp (D:3)
  An orc priest (D:3)
  Terence (D:2)
  Natasha (twice) (D:2)
  An orc wizard (D:3)
  2 worker ants
  2 adders
  An ooze (D:1)
  An adder zombie (D:5)
  5 worms
  2 dart slugs
  A leopard gecko (D:3)
  3 orcs (D:3)
  A bat (D:1)
  2 giant cockroaches
  5 goblins
  8 hobgoblins
  3 jackals (D:2)
  13 kobolds
  3 quokkas
  2 ball pythons
  3 frilled lizards
  6 rats
  2 butterflies (D:3)
73 creatures vanquished.

Notes
Turn   | Place    | Note
-------+----------+-------------------------------------------
     0 | D:1      | robba the Troll Berserker began the quest for the Orb.
     0 | D:1      | Reached XP level 1. HP: 22/22 MP: 0/0
   195 | D:1      | Reached XP level 2. HP: 29/29 MP: 1/1
   556 | D:2      | Reached XP level 3. HP: 36/36 MP: 2/2
   788 | D:2      | Noticed Terence
   800 | D:2      | Killed Terence
   800 | D:2      | Reached skill level 4 in Unarmed Combat
   800 | D:2      | Reached XP level 4. HP: 40/44 MP: 3/3
   849 | D:2      | Reached ** piety under Trog
   947 | D:2      | Noticed Natasha
   950 | D:2      | Killed Natasha
   972 | D:2      | Noticed Natasha
   978 | D:2      | Killed Natasha
  1153 | D:2      | Found a sacrificial altar of Ru.
  1266 | D:3      | Found a shimmering altar of Xom.
  1303 | D:3      | Reached XP level 5. HP: 52/52 MP: 4/4
  1326 | D:3      | Reached skill level 5 in Unarmed Combat
  2029 | D:3      | Reached XP level 6. HP: 61/61 MP: 5/5
  2460 | D:4      | Reached *** piety under Trog
  2493 | D:4      | Reached skill level 6 in Unarmed Combat
  2852 | D:5      | Entered Level 5 of the Dungeon
  2860 | D:5      | Noticed appiemonkey's ghost (novice GrFi)
  2870 | D:5      | HP: 3/61 [appiemonkey's ghost (11)]
  2870 | D:5      | HP: 1/61 [leopard gecko (2)]
  2870 | D:5      | Mangled by appiemonkey's ghost

Skill      XL: |  1  2  3  4  5  6 |
---------------+-------------------+-----
Unarmed Combat | 4 5 6 |  6.3
Dodging        | 3 |  3.7
Fighting       | 3 |  3.1
Maces & Flails | |  0.5
Stealth        | |  0.5

Action                   |  1- 3 |  4- 6 || total
-------------------------+-------+-------++-------
Melee: Unarmed           |    70 |   146 ||   216
       Punch             |     2 |     2 ||     4
       Giant club        |       |    23 ||    23
  Use: Scroll            |       |     7 ||     7
  Eat: Chunk             |    10 |    22 ||    32
Armor: Animal skin       |    21 |    51 ||    72
Dodge: Dodged            |    38 |    63 ||   101
